 Dungeon Crawl Stone Soup version 0.28.0-53-g5a82cb258f (webtiles) character file.

Game seed: 9608905381168245412

1049 BinaryByto the Chopper (level 8, -2/70 HPs)
             Began as a Minotaur Fighter on June 3, 2022.
             Was a Believer of Zin.
             Succumbed to an orc priest's poison
             ... on level 5 of the Dungeon.
             The game lasted 00:26:03 (4757 turns).

BinaryByto the Chopper (Minotaur Fighter)           Turns: 4757, Time: 00:26:04

Health: -2/70      AC: 12    Str: 24    XL:     8   Next: 5%
Magic:  7/7        EV:  6    Int: 11    God:    Zin [**....]
Gold:   102        SH:  5    Dex:  9    Spells: 7/7 levels left

rFire   . . .      SeeInvis .   a - +0 war axe
rCold   . . .      Faith    .   c - +0 buckler
rNeg    . . .      Spirit   .   q - +0 plate armour
rPois   .          Reflect  .   (helmet restricted)
rElec   .          Harm     .   (no cloak)
rCorr   .          Rampage  .   (no gloves)
Will    .....                   (no boots)
Stlth   ..........              w - amulet of magic regeneration
HPRegen 0.21/turn               e - +6 ring of intelligence
MPRegen 0.50/turn               (no ring)

@: lethally poisoned (-2 -> -14)
A: horns 2, retaliatory headbutt
a: Renounce Religion, Recite, Vitalisation, Donate Gold


You were on level 5 of the Dungeon.
You worshipped Zin.
Zin was pleased with you.
You visited 1 branch of the dungeon, and saw 5 of its levels.

You collected 113 gold pieces.
You donated 11 gold pieces to Zin.

Inventory:

Hand Weapons
 a - a +0 war axe (weapon)
Armour
 b - a +0 scale mail
 c - a +0 buckler (worn)
 f - a +0 leather armour
 q - a +0 plate armour (worn)
 r - a +0 ring mail
Jewellery
 e - a +6 ring of intelligence (left hand)
 w - an amulet of magic regeneration (around neck)
Wands
 j - a wand of mindburst (12)
 s - a wand of charming (5)
 v - a wand of paralysis (4)
Scrolls
 g - 2 scrolls of teleportation {unknown}
 h - 2 scrolls of amnesia {unknown}
 i - a scroll of fear {unknown}
 k - 3 scrolls of identify {unknown}
 n - 3 scrolls of noise {unknown}
 o - a scroll of enchant armour {unknown}
 t - a scroll of vulnerability {unknown}
Potions
 d - a potion of might
 l - a potion of lignification {unknown}
 m - 3 potions of curing {unknown}
 p - a potion of heal wounds {unknown}
 u - a potion of mutation {unknown}


   Skills:
 + Level 6.2 Fighting
 * Level 7.5 Axes
 + Level 6.2 Armour
 - Level 0.1 Dodging
 + Level 6.0 Shields


You had 7 spell levels left.
You didn't know any spells.
Your spell library contained the following spells:

 Spells                   Type           Power      Damage    Failure   Level
 Summon Ice Beast         Ice/Summ       0%         N/A       100%        4
 Summon Mana Viper        Hex/Summ       0%         N/A       100%        5
 Monstrous Menagerie      Summ           0%         N/A       100%        7


Dungeon Overview and Level Annotations

Branches:
Dungeon (5/15)             Temple (0/1) D:4

Altars:
Zin

Shops:
D:2 ?


Innate Abilities, Weirdness & Mutations

You have a pair of horns on your head.
You reflexively headbutt those who attack you in melee.


Message History

The orc priest is almost dead.
You completely miss the orc priest. You hit the orc wizard.
You feel very sick.
The orc priest hits you but does no damage.
You are more poisoned.
The orc priest barely misses you. You furiously retaliate!
You headbutt the orc priest!
You kill the orc priest!
You block the orc wizard's attack.
The orc priest hits you with a +1 whip of venom.
You are more poisoned.
You hit the orc wizard.
You kill the orc wizard!
You closely miss the orc priest. You slash the orc!
You kill the orc!
* * * LOW HITPOINT WARNING * * *
You feel extremely sick. The orc priest barely misses you.
You have reached level 8!
You feel stronger.
* * * LOW HITPOINT WARNING * * *
You feel very sick.
You barely miss the orc priest. You headbutt the orc priest!
The orc priest is severely wounded.
* * * LOW HITPOINT WARNING * * *
You feel very sick.
The orc priest hits you but does no damage.
You are more poisoned.
An iguana comes into view.
The iguana hisses angrily.
You slash the orc priest!
You kill the orc priest!
* * * LOW HITPOINT WARNING * * *
You feel very sick.
An iguana comes into view.
Your Shields skill increases to level 6!
* * * LOW HITPOINT WARNING * * *
You feel very sick.
The iguana hisses angrily.
You die...

#....# ....
#....####..##.#
##....#..l....##.
#........# ..... ##
##.....#.# .....
##.##....#..# ......
#...#..#.#..##......
#...........).......
#...###.@..))l.....
#...#.#....##.....#
###...............#
###...#....##.#....
####.....##.###
##... #....<#......#
.. #....##.........
. ##...........#..
#.#####.....#...


You could see an iguana.

Vanquished Creatures
  Grinder (D:4)
  An ice beast (D:4)
  A black bear (D:4)
  2 necrophages (D:4)
  2 ogres (D:4)
  3 orc priests
  3 orc wizards
  An iguana (D:3)
  3 adders
  An adder skeleton (D:3)
  A dart slug (D:2)
  14 orcs
  5 ball pythons
  An endoplasm (D:1)
  2 giant cockroaches
  3 goblins
  7 hobgoblins
  8 jackals
  6 kobolds
  5 quokkas
  5 bats
  5 frilled lizards
  23 rats
103 creatures vanquished.

Vanquished Creatures (others)
  8 fungi (D:1)
  4 plants (D:1)
12 creatures vanquished.

Grand Total: 115 creatures vanquished

Notes
Turn   | Place    | Note
-------+----------+-------------------------------------------
     0 | D:1      | BinaryByto the Minotaur Fighter began the quest for the
                  | Orb.
     0 | D:1      | Reached XP level 1. HP: 19/19 MP: 0/0
   207 | D:1      | Reached XP level 2. HP: 21/27 MP: 1/1
   547 | D:1      | Reached skill level 3 in Axes
   628 | D:1      | Found a faded altar of an unknown god.
   771 | D:1      | Prayed at the altar of an unknown god.
   771 | D:1      | Became a worshipper of Zin the Law-Giver
   771 | D:1      | Reached * piety under Zin
  1229 | D:2      | Reached XP level 3. HP: 33/33 MP: 2/2
  1802 | D:2      | Found Xeweatoq's Magic Scroll Boutique.
  2425 | D:3      | Reached skill level 4 in Axes
  2425 | D:3      | Reached XP level 4. HP: 18/41 MP: 3/3
  2469 | D:3      | HP: 2/41 [orc wizard/+0 dagger (1)]
  2476 | D:3      | Reached XP level 5. HP: 1/47 MP: 4/4
  2946 | D:4      | Found a staircase to the Ecumenical Temple.
  3066 | D:4      | Reached ** piety under Zin
  3136 | D:4      | Noticed Grinder
  3136 | D:4      | Paralysed by Grinder for 7 turns
  3152 | D:4      | Paralysed by Grinder for 5 turns
  3168 | D:4      | Killed Grinder
  3169 | D:4      | Reached skill level 5 in Fighting
  3169 | D:4      | Reached skill level 5 in Axes
  3169 | D:4      | Reached skill level 5 in Armour
  3169 | D:4      | Reached XP level 6. HP: 20/56 MP: 5/5
  3416 | D:4      | Reached skill level 6 in Axes
  3416 | D:4      | Reached skill level 5 in Shields
  3497 | D:4      | Reached XP level 7. HP: 61/61 MP: 6/6
  3974 | D:4      | Reached skill level 7 in Axes
  4716 | D:5      | Entered Level 5 of the Dungeon
  4753 | D:5      | Reached XP level 8. HP: 20/70 MP: 7/7
  4756 | D:5      | HP: 1/70 [poisoned by an orc priest]
  4757 | D:5      | Succumbed to an orc priest's poison

Illustrated notes

Levels and vault maps discovered:
D:1:      heliophobic_arrival_glass_houses, layout_loops_ring,
          dreamdust_ecumenical_altar_hidden_monk_grotto, bh_walls_and_bars
D:2:      layout_loops_ring, serial_shops, nicolae_shop_stone, minmay_rat_hole
D:3:      layout_basic
D:4:      layout_gridville, minmay_temple_entry_stoned_glass,
          kennysheep_generic_room_12, uniq_grinder
D:5:      layout_cave_pools, nicolae_overflow_quartered_altars

Skill      XL: |  1  2  3  4  5  6  7  8 |
---------------+-------------------------+-----
Fighting       | 4 5 6 |  6.2
Axes           | 3 4 5 6 7 |  7.5
Armour         | 4 5 6 |  6.2
Shields        | 4 5 6 |  6.0
Dodging        | |  0.1

Action                   |  1- 3 |  4- 6 |  7- 9 || total
-------------------------+-------+-------+-------++-------
Melee: War axe           |   148 |    60 |    61 ||   269
       Headbutt          |    33 |    11 |    16 ||    60
Armor: Scale mail        |    53 |       |       ||    53
       Plate armour      |    11 |    58 |    40 ||   109
Dodge: Dodged            |    63 |    36 |    17 ||   116
Block: Buckler           |    36 |    19 |    10 ||    65
